 Dungeon Crawl Stone Soup version 0.30-a0-354-g6b83867211 (webtiles) character file.

Game seed: 6014923480310646871

15287 freelancePsychic the Fighter (level 12, -1/68 HPs)
             Began as a Vine Stalker Reaver on Nov 7, 2022.
             Was an Elder of Cheibriados.
             Slain by a meliai
             ... wielding a +0 war axe
              (4 damage)
             ... on level 11 of the Dungeon.
             The game lasted 00:25:15 (11194 turns).

freelancePsychic the Fighter (Vine Stalker Reaver) Turns: 11194, Time: 00:25:15

Health: -1/68      AC: 11    Str: 26    XL:     12   Next: 25%
Magic:  0/18       EV: 20    Int: 23    God:    Cheibriados [****..]
Gold:   215        SH:  5    Dex: 30    Spells: 13/16 levels left

rFire   . . .      SeeInvis .    a - +2 dagger (venom)
rCold   + . .      Faith    .    (no shield)
rNeg    . . .      Spirit   +    o - +1 leather armour {rC+}
rPois   .          Reflect  +    (no helmet)
rElec   .          Harm     .    (no cloak)
rCorr   .          Rampage  .    x - +1 pair of gloves {Dex+3}
Will    +....                    p - +0 pair of boots
Stlth   +++.......               H - amulet of reflection
HPRegen 1.11/turn                g - +4 ring of protection
MPRegen 0.16/turn                (no ring)

@: very slow
A: fangs 3, regeneration 1, magic shield, antimagic bite, no potion heal 2
a: Renounce Religion, Bend Time, Temporal Distortion, Slouch


You were on level 11 of the Dungeon.
You worshipped Cheibriados.
Cheibriados was greatly pleased with you.
You visited 1 branch of the dungeon, and saw 11 of its levels.
You also visited: Sewer and Ossuary.

You collected 602 gold pieces.
You spent 387 gold pieces at shops.

Inventory:

Hand Weapons
 a - a +2 dagger of venom (weapon)
 b - a +0 short sword of draining
 q - a +0 rapier
Missiles
 m - 3 curare-tipped darts
 t - 4 throwing nets
Armour
 o - a +1 leather armour of cold resistance (worn)
 p - a +0 pair of boots (worn)
 x - a +1 pair of gloves of dexterity (worn)
Jewellery
 g - a +4 ring of protection (left hand)
 H - an amulet of reflection (around neck)
Wands
 r - a wand of mindburst (12) (quivered)
 s - a wand of digging (4)
 J - a wand of paralysis (5)
Scrolls
 c - 2 scrolls of blinking
 h - a scroll of fear
 i - 4 scrolls of amnesia
 n - a scroll of vulnerability
 v - a scroll of immolation
 w - a scroll of torment
 y - a scroll of poison
 z - 2 scrolls of magic mapping
 C - 4 scrolls of teleportation {@r4}
 G - a scroll of brand weapon
 I - a scroll of identify {@r1}
Potions
 d - 7 potions of heal wounds {@q2}
 e - 4 potions of curing {@q1}
 f - 4 potions of magic {unknown}
 j - 2 potions of attraction {unknown}
 k - 3 potions of brilliance {unknown}
 l - 2 potions of mutation
 u - 2 potions of cancellation {unknown}
 A - 3 potions of resistance {unknown}
 B - 2 potions of flight {unknown}
 D - a potion of degeneration {unknown}
 E - a potion of invisibility {unknown}
 F - 2 potions of haste {unknown}


   Skills:
 + Level 10.3 Fighting
 - Level 10.0 Short Blades
 - Level 1.6 Throwing
 + Level 7.8 Dodging
 + Level 2.5 Stealth
 - Level 2.6 Spellcasting
 - Level 3.0 Conjurations
 - Level 1.8 Translocations
 - Level 7.8 Invocations


You had 13 spell levels left.
You knew the following spells:

 Your Spells              Type           Power      Damage    Failure   Level
a - Kiss of Death         Conj/Necr      36%        2d8       8%          1
b - Momentum Strike       Conj/Tloc      28%        3d8       8%          2

Your spell library contained the following spells:

 Spells                   Type           Power      Damage    Failure   Level
 Blink                    Tloc           22%        N/A       10%         2
 Static Discharge         Conj/Air       18%        2-3/arc   12%         2
 Lesser Beckoning         Tloc           22%        N/A       21%         3
 Dazzling Flash           Conj/Hex       18%        N/A       22%         3
 Hailstorm                Conj/Ice       9%         3d4       22%         3
 Vhi's Electric Charge    Tloc/Air       14%        N/A       28%         3
 Ozocubu's Armour         Ice            3%         N/A       38%         3
 Animate Dead             Necr           3%         N/A       80%         4
 Arcjolt                  Conj/Air       4%         1d14      91%         5
 Lightning Bolt           Conj/Air       4%         1d16      91%         5
 Agony                    Necr           3%         N/A       98%         5
 Borgnjor's Vile Clutch   Necr/Erth      1%         N/A       98%         5
 Silence                  Hex/Air        1%         N/A       98%         5
 Death Channel            Necr           1%         N/A       100%        6
 Ozocubu's Refrigeration  Ice            1%         4d7       100%        7


Dungeon Overview and Level Annotations

Branches:
Dungeon (11/15)            Temple (0/1) D:7            Lair (0/5) D:9
  Sewer (visited)         Ossuary (visited)
    Orc: D:9-12

Altars:
Ashenzari
Cheibriados
Fedhas
Hepliaklqana
Kikubaaqudgha
Nemelex Xobeh
Sif Muna
Vehumet
Wu Jian
Xom
Yredelemnul
Zin
The Shining One

Shops:
D:1 !*[   D:3 ?[(!   D:4 (   D:7 *   D:10 ?

Annotations:
D:4 2 runed translucent doors, koil's ghost, novice SpEn
D:10 Gastronok


Innate Abilities, Weirdness & Mutations

You have razor-sharp teeth.
Your natural rate of healing is unusually fast.
When hurt, damage is shared between your health and your magic reserves.
Your bite disrupts and absorbs the magic of your enemies.
Potions cannot restore your health.


Message History

You are too injured to fight recklessly!
You are too injured to fight recklessly!
You are too injured to fight recklessly!
You are too injured to fight recklessly!
You are too injured to fight recklessly!
You are too injured to fight recklessly!
You are too injured to fight recklessly!
You are too injured to fight recklessly!
You are too injured to fight recklessly!
You are too injured to fight recklessly!
You are too injured to fight recklessly!
You hit the meliai.
The meliai is poisoned.
Your bite misses the meliai.
The meliai is heavily wounded.
The meliai misses you. The meliai stings you.
You are poisoned.
The meliai poisons you!
You miss the meliai. Your bite misses the meliai.
The meliai is severely wounded.
You feel sick.
The meliai hits you with a +0 broad axe!
You block the meliai's attack.
You hit the meliai but do no damage.
The meliai looks as sick as possible!
The meliai is severely wounded.
You feel sick.
The meliai mumbles some strange prayers to its god against you.
Something smites you!
* * * LOW HITPOINT WARNING * * *
Okay, then.
You hit the meliai.
You kill the meliai!
Cheibriados thoroughly appreciates the change of pace.
You feel sick.
You closely miss the meliai. You bite the meliai, but do no damage.
You feel sick.
The meliai calls down the wrath of its god upon you.
Something smites you!
* * * LOW HITPOINT WARNING * * *
Your system rejects the healing.
You feel better. The meliai hits you with a +0 war axe.
You die...

..# ..# #.##.. #.#...#
#.#.#.# #.#.#.# #####
#...#.## #...
#####......####.########
......(.................
######.....#.###@######
##..#.##.# #y#
#..>.....# #y# #
#...#.#### #.# ##
#...#..# #..
.####...##.# #..
........##.## ##.
.####.#.))..# #. ##
#.####.......


You could see 2 meliai.

Vanquished Creatures
  Josephine (D:10)
  Erica (D:9)
  A two-headed ogre (D:9)
  A cyclops (D:6)
  2 trolls
  A hornet (D:9)
  A meliai (D:11)
  A vampire (D:11)
  2 shadows
  5 wyverns
  7 wraiths
  20 yaks
  2 basilisks (D:9)
  3 steam dragons
  2 vampire mosquitoes (D:10)
  4 water moccasins
  2 floating eyes (D:9)
  2 sky beasts
  3 black bears
  4 orc warriors
  3 ice beasts
  An ogre (D:5)
  7 centaurs
  4 phantoms
  6 kobold brigands
  3 necrophages
  3 bullfrogs
  2 water moccasin zombies (D:4)
  4 scorpions
  5 wights
  7 killer bees (D:9)
  4 howler monkeys
  A jelly (D:6)
  8 orc priests
  A human zombie (D:4)
  6 hounds
  3 gnoll boudas
  7 iguanas
  6 orc wizards
  A scorpion zombie (D:4)
  A hound zombie (D:4)
  4 mummies
  8 adders
  12 gnolls
  3 shadow imps
  3 white imps (D:6)
  An ufetubus (D:6)
  An adder zombie (D:4)
  4 dart slugs
  43 orcs
  7 ball pythons
  6 bats
  5 endoplasms
  6 giant cockroaches
  3 goblins
  4 hobgoblins
  A jackal (D:1)
  43 kobolds
  8 quokkas
  5 frilled lizards
  7 rats
322 creatures vanquished.

Vanquished Creatures (others)
  A two-headed ogre (D:9)
  A vampire (D:9)
  An ice beast (D:3)
  An adder (D:3)
  2 gnolls (D:3)
  3 bats
  A goblin (D:2)
  3 hobgoblins
  2 jackals (D:1)
  A kobold (D:2)
  3 rats
  6 fungi (D:9)
  20 plants
  3 withered plants (Ossuary)
48 creatures vanquished.

Grand Total: 370 creatures vanquished

Notes
Turn   | Place    | Note
-------+----------+-------------------------------------------
     0 | D:1      | freelancePsychic the Vine Stalker Reaver began the quest
                  | for the Orb.
     0 | D:1      | Reached XP level 1. HP: 11/11 MP: 4/4
   185 | D:1      | Reached skill level 1 in Translocations
   185 | D:1      | Reached XP level 2. HP: 14/15 MP: 4/6
   188 | D:1      | Learned a level 2 spell: Momentum Strike
   247 | D:1      | Found Bihulupha's Antique Armour Boutique.
   337 | D:1      | Found Urphuruno's Assorted Antiques.
   352 | D:1      | Found Pusarpho's Distillery.
   526 | D:1      | Reached XP level 3. HP: 14/18 MP: 7/7
  1296 | D:2      | You fall into a shaft and drop 1 floor!
  1329 | D:3      | Found Faes's Armour Shop.
  1370 | D:3      | Noticed an ice beast
  2648 | D:3      | Gained mutation: Your natural rate of healing is unusually
                  | fast. [Vine Stalker growth]
  2648 | D:3      | Reached XP level 4. HP: 21/23 MP: 8/8
  2845 | D:3      | Found Askayg's Magic Scroll Boutique.
  2855 | D:3      | Bought a scroll of identify for 20 gold pieces
  3016 | D:3      | Reached skill level 1 in Throwing
  3096 | D:3      | Killed an ice beast
  3097 | D:3      | Reached XP level 5. HP: 18/28 MP: 4/9
  3170 | D:3      | Found Keisiu's Weapon Shop.
  3184 | D:3      | Found Makoof's Distillery.
  3420 | D:4      | Found a sand-covered staircase.
  3427 | Ossuary  | Entered an ossuary
  3544 | D:4      | Found a blossoming altar of Fedhas.
  3576 | D:4      | Found a runed translucent door.
  3673 | D:4      | Reached XP level 6. HP: 30/32 MP: 8/10
  3686 | D:4      | Found Qitiryut's Weapon Shop.
  3687 | D:4      | Found a runed translucent door.
  3697 | D:4      | Noticed koil's ghost (novice SpEn)
  3949 | D:4      | Found a basalt altar of Yredelemnul.
  4007 | D:4      | Found a hazy altar of Hepliaklqana.
  4168 | D:4      | Found an ancient bone altar of Kikubaaqudgha.
  4215 | D:4      | Reached skill level 5 in Short Blades
  4215 | D:4      | Reached XP level 7. HP: 37/37 MP: 11/11
  4488 | D:5      | Entered Level 5 of the Dungeon
  4542 | D:5      | Identified the +3 sling of Departure {vorpal, SInv}
  4671 | D:5      | Gained mutation: You have razor-sharp teeth. [Vine Stalker
                  | growth]
  4671 | D:5      | Reached XP level 8. HP: 38/42 MP: 10/12
  4874 | D:5      | Reached skill level 5 in Fighting
  5256 | D:5      | Reached XP level 9. HP: 39/48 MP: 13/13
  5815 | D:1      | Bought a pair of runed gloves for 225 gold pieces
  6317 | D:6      | Found a glowing drain.
  6348 | Sewer    | Entered a sewer
  6690 | D:6      | Found a glowing silver altar of Zin.
  6690 | D:6      | Found a snail-covered altar of Cheibriados.
  6691 | D:6      | Found a radiant altar of Vehumet.
  6701 | D:6      | Found a glowing golden altar of the Shining One.
  6705 | D:6      | Became a worshipper of Cheibriados the Contemplative
  7102 | D:6      | Identified the +7 whip "Giliupi" {vorpal, Fly Int+3}
  7224 | D:6      | Noticed a cyclops
  7224 | D:6      | Noticed a troll
  7277 | D:6      | Killed a troll
  7278 | D:6      | Reached skill level 10 in Short Blades
  7278 | D:6      | Reached XP level 10. HP: 31/55 MP: 10/14
  7283 | D:6      | Killed a cyclops
  7284 | D:6      | Reached skill level 1 in Invocations
  7437 | D:7      | Found a staircase to the Ecumenical Temple.
  7444 | D:7      | Reached * piety under Cheibriados
  7567 | D:7      | Found Damotosu's General Store.
  7585 | D:7      | Bought a scroll of teleportation for 45 gold pieces
  7819 | D:7      | Found a sparkling altar of Nemelex Xobeh.
  8330 | D:8      | Reached ** piety under Cheibriados
  8431 | D:8      | Found a shimmering blue altar of Sif Muna.
  8635 | D:8      | Reached skill level 5 in Dodging
  8693 | D:8      | Found a shimmering altar of Xom.
  9164 | D:9      | Reached *** piety under Cheibriados
  9185 | D:9      | Noticed a two-headed ogre
  9204 | D:9      | Killed a two-headed ogre
  9205 | D:9      | Reached skill level 5 in Invocations
  9205 | D:9      | Reached XP level 11. HP: 34/60 MP: 10/15
  9577 | D:9      | Reached **** piety under Cheibriados
  9737 | D:9      | Found a staircase to the Lair.
  9740 | D:9      | Noticed Erica
  9768 | D:9      | Killed Erica
  9844 | D:9      | Noticed a two-headed ogre
  9896 | D:9      | Killed a two-headed ogre
 10119 | D:9      | Found a broken altar of Ashenzari.
 10119 | D:9      | Found an ornate altar of the Wu Jian Council.
 10175 | D:9      | Identified the +1 chain mail "Foyhaleu" {Rampage rElec
                  | Str-5 SInv}
 10329 | D:10     | Entered Level 10 of the Dungeon
 10404 | D:10     | Noticed Josephine
 10417 | D:10     | Killed Josephine
 10418 | D:10     | Reached skill level 10 in Fighting
 10418 | D:10     | Reached XP level 12. HP: 57/67 MP: 18/18
 10639 | D:10     | Noticed Gastronok
 10688 | D:10     | Reached skill level 1 in Stealth
 10948 | D:10     | Found Arghen's Magic Scroll Emporium.
 10955 | D:10     | Bought a scroll of enchant armour for 97 gold pieces
 11193 | D:11     | HP: 2/68 [meliai/divine providence (8)]
 11194 | D:11     | Slain by a meliai

Illustrated notes

Levels and vault maps discovered:
D:1:      sevenhm_arrival_forest_fort_large_2, layout_basic, serial_shops, shop,
          nicolae_shop_window_shopping, shop
D:2:      layout_basic
D:3:      layout_basic, serial_shops, nicolae_shop_behind_doors,
          nicolae_shop_bloodbath_and_beyond, nicolae_diamond_shop, shop
D:4:      layout_rooms, mainiacjoe_overflow_surrounded_room,
          nicolae_hepliaklqana_hazy_memory,
          lemuel_mausoleum_altar_kikubaaqudgha, lemuel_coloured_pillars_altar,
          ebering_ghost_sewer_f, chequers_ossuary_entry_cave, serial_shops,
          nicolae_shop_trees, grunt_ministairs_11
D:5:      cheibrodos_barr_body, layout_basic
D:6:      layout_cave_pools, nicolae_overflow_quartered_altars,
          portal_sewer_entry_f, minmay_divided_ellipse
D:7:      layout_gridville, nemelex_diamond_rough_becter,
          minmay_temple_entry_steel_oval, serial_shops, shop
D:8:      layout_loops_cross, lemuel_tele_altar, xom_butterflies,
          chequers_serial_rivers_micro_d, mumra_transporter_accident,
          solitary_fountain, kennysheep_generic_room_3
D:9:      layout_roguey, jmf_multi_god_temple, minmay_lair_entry_grove,
          onia_ninara_cookie, uniq_erica
D:10:     layout_roguey, serial_shops, shop, uniq_gastronok, uniq_josephine
D:11:     layout_loops_ring, orc_0_dummy

Skill      XL: |  1  2  3  4  5  6  7  8  9 10 11 12 |
---------------+-------------------------------------+-----
Fighting       | 2 3 4 5 7 8 10 | 10.3
Translocations | 1 |  1.8
Short Blades   | 3 4 5 6 8 10 | 10.0
Throwing       | 1 |  1.6
Dodging        | 3 5 7 |  7.8
Invocations    | 5 7 |  7.8
Stealth        | 2 |  2.5
Spellcasting   | |  2.6
Conjurations   | |  3.0

Action                   |  1- 3 |  4- 6 |  7- 9 | 10-12 || total
-------------------------+-------+-------+-------+-------++-------
Melee: Short sword       |   125 |   209 |   633 |   198 ||  1165
       Bite              |    39 |    77 |   227 |   331 ||   674
       Punch             |     1 |     3 |    13 |    15 ||    32
       Dagger            |       |       |       |   536 ||   536
Throw: Dart              |       |     3 |    11 |     5 ||    19
       Throwing net      |       |       |     1 |       ||     1
 Cast: Momentum Strike   |    16 |     6 |       |       ||    22
Invok: Slouch            |       |       |       |     2 ||     2
       Bend Time         |       |       |       |     1 ||     1
Evoke: Wand              |       |     1 |     2 |     4 ||     7
  Use: Scroll            |       |     6 |     5 |     9 ||    20
       Potion            |       |       |     1 |     2 ||     3
 Stab: Sleeping          |     1 |       |     1 |     3 ||     5
Armor: Leather armour    |    35 |    42 |   181 |   134 ||   392
Dodge: Dodged            |    57 |    87 |   265 |   357 ||   766
Block: Other             |       |       |       |    34 ||    34

Table legend: (Time is in decaauts)
 A = Elapsed time spent in this place.
 B = Non-inter-level travel time spent in this place.
 C = Inter-level travel time spent in this place.
 D = Time resting spent in this place.
 E = Time spent auto-exploring this place.
 F = Levels seen in this place.
 G = Mean time per level.
                   A        B        C        D        E       F      G
               +--------+--------+--------+--------+--------+-----+--------+
         Total |  12175 |  11389 |    786 |    200 |   8632 |  13 |  936.5 |
       Dungeon |  11927 |  11141 |    786 |    200 |   8491 |  11 | 1084.3 |
         Sewer |    229 |    229 |      0 |      0 |    141 |   1 |  229.0 |
       Ossuary |     18 |     18 |      0 |      0 |      0 |   1 |   18.0 |
               +--------+--------+--------+--------+--------+-----+--------+

Top non-repeatable levels by time:
     D:9: 1587 daAuts
     D:5: 1523 daAuts
     D:1: 1215 daAuts
     D:2: 1174 daAuts
    D:10: 1132 daAuts
     D:8: 1119 daAuts
     D:4: 1071 daAuts
     D:3: 1058 daAuts
     D:7: 971 daAuts
     D:6: 965 daAuts
   Sewer: 229 daAuts
    D:11: 106 daAuts
 Ossuary: 18 daAuts
